 Dungeon Crawl Stone Soup version 0.29-a0-559-g359e09b9d1 (webtiles) character file.

Game seed: 2722343195355147399

7112 spaghetti the Basher (level 11, -2/89 HPs)
             Began as a Gnoll Berserker on June 10, 2022.
             Was a Priest of Trog.
             Slain by a komodo dragon (18 damage)
             ... on level 10 of the Dungeon.
             The game lasted 00:13:41 (10484 turns).

spaghetti the Basher (Gnoll Berserker)             Turns: 10484, Time: 00:13:42

Health: -2/89      AC: 19    Str: 20      XL:     11   Next: 10%
Magic:  0/20       EV: 14    Int:  7      God:    Trog [***...]
Gold:   515        SH:  0    Dex: 11 (12) Spells: 22/22 levels left

rFire   + . .      SeeInvis +   X - +7 staff of the Meek {protect, meekguard, staff}
rCold   + . .      Faith    .   (shield currently unavailable)
rNeg    . . .      Spirit   +   e - +4 ring mail of the Blue Skies {rC+ Slay+2}
rPois   .          Reflect  .   F - +2 helmet {SInv}
rElec   .          Harm     .   h - +0 cloak
rCorr   +          Rampage  .   q - +1 pair of gloves
Will    ++...                   o - +0 pair of boots
Stlth   ++++......              P - amulet of guardian spirit
HPRegen 1.24/turn               r - ring of protection from fire
MPRegen 0.17/turn               a - ring of resist corrosion

@: strong-willed, on berserk cooldown, regenerating, slowed, invisible, very
slow
A: fangs 1, strong nose, distributed training, camouflage 1, sturdy frame 1
a: Renounce Religion, Berserk, Trog's Hand


You were on level 10 of the Dungeon.
You worshipped Trog.
Trog was most pleased with you.
You visited 1 branch of the dungeon, and saw 10 of its levels.

You collected 515 gold pieces.


Innate Abilities, Weirdness & Mutations

You have very sharp teeth.
Your uncanny sense of smell can sniff out nearby items.
Your experience applies equally to all skills.
Your skin changes colour to match your surroundings (Stealth+).
Your movements are slightly less encumbered by armour. (ER -2)


   Skills:
 + Level 9.0 Fighting
 + Level 6.0 Short Blades
 + Level 6.0 Long Blades
 + Level 6.0 Axes
 + Level 9.0 Maces & Flails
 + Level 6.0 Polearms
 + Level 6.0 Staves
 + Level 6.0 Slings
 + Level 6.0 Bows
 + Level 6.0 Crossbows
 + Level 6.0 Throwing
 + Level 7.6 Armour
 + Level 7.6 Dodging
 + Level 6.0 Stealth
 + Level 6.0 Shields
 + Level 6.0 Unarmed Combat
 + Level 6.0 Spellcasting
 + Level 4.9 Conjurations
 + Level 4.9 Hexes
 + Level 4.9 Summonings
 + Level 4.9 Necromancy
 + Level 4.9 Translocations
 + Level 4.9 Transmutations
 + Level 4.9 Fire Magic
 + Level 4.9 Ice Magic
 + Level 4.9 Air Magic
 + Level 4.9 Earth Magic
 + Level 4.9 Poison Magic
 + Level 6.5 Invocations
 + Level 6.0 Evocations


You had 22 spell levels left.
You didn't know any spells.
Your spell library contained the following spells:

 Spells                   Type           Power      Damage    Failure   Level
 Foxfire                  Conj/Fire      36%        2x1d5     4%          1
 Magic Dart               Conj           36%        1d4       4%          1
 Searing Ray              Conj           18%        2d5       6%          2
 Conjure Flame            Conj/Fire      9%         6-21      12%         3
 Dazzling Flash           Conj/Hex       18%        N/A       12%         3
 Inner Flame              Hex/Fire       9%         N/A       12%         3
 Summon Guardian Golem    Hex/Summ       9%         N/A       12%         3
 Flame Wave               Conj/Fire      9%         2d5       38%         4
 Fulminant Prism          Conj/Hex       4%         3d6       38%         4
 Agony                    Necr           9%         N/A       75%         5
 Silence                  Hex/Air        4%         N/A       75%         5
 Malign Gateway           Summ/Tloc      4%         N/A       100%        7
 Orb of Destruction       Conj           4%         9d5       100%        7
 Spellforged Servitor     Conj/Summ      4%         N/A       100%        7
 Summon Horrible Things   Summ           4%         N/A       100%        8

Inventory:

Hand Weapons
 X - the +7 staff of the Meek (weapon) {protect, meekguard, staff}
   (You found it on level 9 of the Dungeon)

   It grants its wielder temporary protection when it strikes (+7 to AC).
   It provides extra protection to wielders with little health.
Missiles
 b - 2 javelins {throwing}
 c - 215 stones (quivered) {throwing}
 y - 2 throwing nets {=f!fthrowing}
 B - 7 poisoned darts {throwing}
 C - 8 boomerangs {throwing}
 Y - a curare-tipped dart {=fthrowing}
Armour
 e - the +4 ring mail of the Blue Skies (worn) {rC+ Slay+2}
   (You found it on level 10 of the Dungeon)

   Slay:      It affects your accuracy & damage with ranged weapons and melee
   (+2).
   rC:        It protects you from cold.
 h - a +0 cloak (worn)
   (You found it on level 2 of the Dungeon)
 o - a +0 pair of boots (worn)
   (You found it on level 2 of the Dungeon)
 q - a +1 pair of gloves (worn)
   (You found it on level 4 of the Dungeon)
 v - the +0 leather armour of Cuntur {+Blink rF+ rC+}
   (You took it off an orc on level 3 of the Dungeon)

   rF:        It protects you from fire.
   rC:        It protects you from cold.
   +Blink:    It lets you blink.
 F - a +2 helmet of see invisible (worn)
   (You found it on level 4 of the Dungeon)
Magical Staves
 T - a staff of cold {forbidden!astaff}
   (You found it on level 7 of the Dungeon)
Jewellery
 a - a ring of resist corrosion (right hand)
   (You found it on level 5 of the Dungeon)
 j - a +6 ring of intelligence
   (You found it on level 2 of the Dungeon)
 m - a ring of fire
   (You found it on level 2 of the Dungeon)
 r - a ring of protection from fire (left hand)
   (You found it on level 3 of the Dungeon)
 t - a ring of fire
   (You took it off a hobgoblin on level 3 of the Dungeon)
 E - an amulet of reflection
   (You found it on level 10 of the Dungeon)
 K - a ring of wizardry
   (You found it on level 4 of the Dungeon)
 P - an amulet of guardian spirit (around neck)
   (You found it on level 5 of the Dungeon)
Wands
 s - a wand of flame (27)
   (You took it off a hobgoblin on level 3 of the Dungeon)
 V - a wand of iceblast (12)
   (You found it on level 7 of the Dungeon)
Scrolls
 d - 2 scrolls of torment {!r}
 f - 2 scrolls of teleportation {@r4}
 g - a scroll of fog
 i - 3 scrolls of amnesia
 p - 2 scrolls of silence {!r}
 x - a scroll of identify {@r1}
 D - a scroll of noise {!r}
 I - 2 scrolls of immolation {unknown}
 J - 3 scrolls of blinking {unknown}
 M - 2 scrolls of vulnerability {!r!r}
 S - a scroll of magic mapping {unknown}
 U - a scroll of enchant weapon
Potions
 k - a potion of heal wounds {@q2}
 l - a potion of brilliance
 n - a potion of invisibility
 u - 3 potions of degeneration {!q@e2}
 w - 2 potions of cancellation
 z - 5 potions of curing {unknown}
 A - a potion of magic {unknown}
 G - 5 potions of attraction {unknown}
 H - 2 potions of might {unknown}
 N - a potion of haste {unknown}
 Q - a potion of berserk rage {unknown}
 W - a potion of lignification {unknown}
 Z - a potion of mutation {!q}

Dungeon Overview and Level Annotations

Branches:
Dungeon (10/15)            Temple (0/1) D:5
   Lair: D:8-11         Orc: D:9-12

Altars:
Cheibriados
Fedhas
Gozag
Kikubaaqudgha
Makhleb
The Shining One

Shops:
D:1 :(!:=   D:7 ** D:9

[ .# . .# ∆ ∆ ## #.
∆# #.##. . # #.#.##
.#.. #l.Y###..
#O@#.#.# # #)#o..#
.## # ##.[.##...#
#.#####†.# ### #
#..#..### ..# #.
#...#######... #.#
#.####.......####.#
#...............###
.....................


You could see an orc knight (can't see you, ally target), a komodo dragon (can't
see you), a yak (can't see you) and a friendly two-headed ogre (summoned,
berserk).


Message History

The orc knight barely misses you.
You hit the orc knight. The orc knight misses you.
The komodo dragon bites you but does no damage.
The orc knight hits you but does no damage.
The komodo dragon bites you but does no damage. 😨 HP[+1]
You hit the orc knight. The orc knight closely misses you.
Something closely misses your two-headed ogre.
The komodo dragon bites you.
* * * LOW HITPOINT WARNING * * *
😨 HP[-4] MP[-1]
You take 4 damage, and now have 38/87 hp.
You lost 1 mp, and now have 10/19 mp.
Unknown command.
Unknown command.
Unknown command.
You barely miss the orc knight.
The orc knight zaps a wand.
You easily resist.
Something barely misses your two-headed ogre.
The komodo dragon completely misses you.
The orc knight hits you with a +0 battleaxe!
* * * LOW HITPOINT WARNING * * *
The komodo dragon closely misses you. 😨 HP[-12] MP[-2]
You take 12 damage, and now have 26/87 hp.
You lost 2 mp, and now have 8/19 mp.
Unknown command.
Unknown command.
Unknown command.
Unknown command.
Unknown command.
Unknown command.
Your skin crawls.
You feel strong-willed.
Your two-headed ogre rages.
The orc knight zaps a wand.
You resist with almost no effort. The yak gores you but does no damage.
The komodo dragon closely misses you.
Your two-headed ogre rages. 😨 HP[+2]
You regained 2 hp, and now have 28/87 hp.
Unknown command.
Unknown command.
Unknown command.
You hit the orc knight but do no damage.
The orc knight hits you but does no damage.
Your two-headed ogre rages.
The yak gores you!
* * * LOW HITPOINT WARNING * * *
The komodo dragon bites you!
* * * LOW HITPOINT WARNING * * *
The orc knight closely misses you. The yak misses you.
The komodo dragon bites you but does no damage. 😱 HP[-14] MP[-5]
You take 14 damage, and now have 14/87 hp.
You lost 5 mp, and now have 3/19 mp.
Unknown command.
Unknown command.
Okay, then.
You fade into invisibility!
The orc knight zaps a wand.
You resist with almost no effort.
The now-empty wand crumbles to dust.
The yak barely misses you.
Your two-headed ogre hits the gargoyle with a +0 giant club!!
The gargoyle is destroyed!
Trog accepts your kill. The komodo dragon closely misses you.
You feel your strength returning.
Your Fighting skill increases to level 9!
Your Short Blades skill increases to level 6!
Your Long Blades skill increases to level 6!
Your Axes skill increases to level 6!
Your Maces & Flails skill increases to level 9!
Your Polearms skill increases to level 6!
Your Staves skill increases to level 6!
Your Slings skill increases to level 6!
Your Bows skill increases to level 6!
Your Crossbows skill increases to level 6!
Your Throwing skill increases to level 6!
Your Stealth skill increases to level 6!
Your Shields skill increases to level 6!
Your Unarmed Combat skill increases to level 6!
Your Spellcasting skill increases to level 6!
Your Evocations skill increases to level 6! 😱 HP[+2]
You now have 89 max hp (+2).
You regained 2 hp, and now have 16/89 hp.
Unknown command.
Unknown command.
Unknown command.
Unknown command.
Unknown command.
You feel much better. The yak barely misses you.
The orc knight barely misses you. The komodo dragon bites you!
* * * LOW HITPOINT WARNING * * *
The yak barely misses you.
The orc knight hits you with a +0 battleaxe!!
* * * LOW HITPOINT WARNING * * *
The komodo dragon bites you!!
You die...

Skill      XL: |  1  2  3  4  5  6  7  8  9 10 11 |
---------------+----------------------------------+-----
Invocations    | 1 2 3 4 5 6 |  6.5
Short Blades   | 1 2 3 4 5 6 |  6.0
Long Blades    | 1 2 3 4 5 6 |  6.0
Axes           | 1 2 3 4 5 6 |  6.0
Polearms       | 1 2 3 4 5 6 |  6.0
Staves         | 1 2 3 4 5 6 |  6.0
Slings         | 1 2 3 4 5 6 |  6.0
Bows           | 1 2 3 4 5 6 |  6.0
Crossbows      | 1 2 3 4 5 6 |  6.0
Throwing       | 1 2 3 4 5 6 |  6.0
Stealth        | 1 2 3 4 5 6 |  6.0
Shields        | 1 2 3 4 5 6 |  6.0
Unarmed Combat | 1 2 3 4 5 6 |  6.0
Spellcasting   | 1 2 3 4 5 6 |  6.0
Evocations     | 1 2 3 4 5 6 |  6.0
Conjurations   | 1 2 3 4 |  4.9
Hexes          | 1 2 3 4 |  4.9
Summonings     | 1 2 3 4 |  4.9
Necromancy     | 1 2 3 4 |  4.9
Translocations | 1 2 3 4 |  4.9
Transmutations | 1 2 3 4 |  4.9
Fire Magic     | 1 2 3 4 |  4.9
Ice Magic      | 1 2 3 4 |  4.9
Air Magic      | 1 2 3 4 |  4.9
Earth Magic    | 1 2 3 4 |  4.9
Poison Magic   | 1 2 3 4 |  4.9
Armour         | 5 6 7 |  7.6
Dodging        | 5 6 7 |  7.6
Fighting       | 7 8 9 |  9.0
Maces & Flails | 7 8 9 |  9.0

Action                   |  1- 3 |  4- 6 |  7- 9 | 10-12 || total
-------------------------+-------+-------+-------+-------++-------
Melee: Mace              |   105 |    33 |       |       ||   138
       Bite              |     6 |    16 |    38 |    17 ||    77
       Punch             |     1 |     2 |     2 |       ||     5
       Spear             |       |    76 |       |       ||    76
       Dagger            |       |    42 |   116 |       ||   158
       Quarterstaff      |       |       |   178 |   118 ||   296
Throw: Stone             |    38 |    81 |    53 |    19 ||   191
Invok: Berserk           |     3 |     3 |     7 |     3 ||    16
       Trog's Hand       |       |       |       |     2 ||     2
       Brothers in Arms  |       |       |       |     1 ||     1
Evoke: Wand              |       |       |       |     2 ||     2
  Use: Scroll            |       |     8 |     6 |     1 ||    15
       Potion            |       |     1 |       |     5 ||     6
 Stab: Sleeping          |       |     3 |     4 |     2 ||     9
Armor: Animal skin       |    20 |     8 |       |       ||    28
       Leather armour    |       |    23 |    89 |    27 ||   139
       Ring mail         |       |       |       |    30 ||    30
Dodge: Dodged            |    84 |    84 |   171 |   105 ||   444

Levels and vault maps discovered:
D:1:      dpeg_arrival_tiny_d, layout_loops_ring,
          shapermc_ecumenical_altar_totnotflames, serial_shops, shop,
          nicolae_shop_temple_entry_statues_fountains,
          nicolae_shop_advertising_works [nicolae_subvault_shop_adworks],
          nicolae_shop_stone, nicolae_shop_statue_plus, minmay_statues_item,
          minmay_vboxes
D:2:      layout_basic
D:3:      wad_woods_settlement, layout_basic, mainiacjoe_overflow_alcove_4,
          chequers_serial_rivers_large_a
D:4:      layout_basic
D:5:      layout_basic, kiku_gazebo_pond_becter, minmay_temple_entry_arrows,
          gammafunk_ghost_grave, minmay_between, uniq_crazy_yiuf_cottage,
          uniq_prince_ribbit1
D:6:      layout_basic, fedhas_altar_3
D:7:      layout_layer_cave, cheibriados_altar_1, serial_shops, shop_fountains,
          nicolae_shop_overcharged_wands
D:8:      layout_basic
D:9:      layout_roguey, gammafunk_temple_overflow_statue, serial_shops, shop
D:10:     minmay_ornate_pinched, layout_loops_corners,
          grunt_lair_entry_orc_guard_hut, enter_bailey_4, nicolae_lava_and_water

Notes
Turn   | Place    | Note
-------+----------+-------------------------------------------
     0 | D:1      | spaghetti the Gnoll Berserker began the quest for the Orb.
     0 | D:1      | Reached XP level 1. HP: 23/23 MP: 1/1
     0 | D:1      | magus.rc [v1.9.6]
    50 | D:1      | Reached XP level 2. HP: 29/29 MP: 2/2
   489 | D:1      | Found a faded altar of an unknown god.
   527 | D:1      | Found Xunteaf's Book Shop.
   646 | D:1      | Found Coiwk's Antique Weapon Boutique.
   688 | D:1      | Reached XP level 3. HP: 26/35 MP: 3/3
   688 | D:1      | Found Beonk's Distillery.
   957 | D:1      | Found Huets's Book Shop.
  1028 | D:1      | Found Fehaud's Jewellery Shoppe.
  1312 | D:2      | Reached skill level 1 in Invocations
  1401 | D:2      | You pick up a book of the Senses {forbidden} and begin
                  | reading...
  1401 | D:2      | You add the spells Dazzling Flash, Agony and Silence to
                  | your library.
  1667 | D:2      | Reached ** piety under Trog
  1668 | D:2      | Reached skill level 1 in Short Blades
  1668 | D:2      | Reached skill level 1 in Long Blades
  1668 | D:2      | Reached skill level 1 in Axes
  1668 | D:2      | Reached skill level 1 in Polearms
  1668 | D:2      | Reached skill level 1 in Staves
  1668 | D:2      | Reached skill level 1 in Slings
  1668 | D:2      | Reached skill level 1 in Bows
  1668 | D:2      | Reached skill level 1 in Crossbows
  1668 | D:2      | Reached skill level 1 in Throwing
  1668 | D:2      | Reached skill level 1 in Stealth
  1668 | D:2      | Reached skill level 1 in Shields
  1668 | D:2      | Reached skill level 1 in Unarmed Combat
  1668 | D:2      | Reached skill level 1 in Spellcasting
  1668 | D:2      | Reached skill level 1 in Evocations
  1778 | D:2      | Reached XP level 4. HP: 40/41 MP: 5/5
  2154 | D:3      | Reached skill level 1 in Conjurations
  2154 | D:3      | Reached skill level 1 in Hexes
  2154 | D:3      | Reached skill level 1 in Summonings
  2154 | D:3      | Reached skill level 1 in Necromancy
  2154 | D:3      | Reached skill level 1 in Translocations
  2154 | D:3      | Reached skill level 1 in Transmutations
  2154 | D:3      | Reached skill level 1 in Fire Magic
  2154 | D:3      | Reached skill level 1 in Ice Magic
  2154 | D:3      | Reached skill level 1 in Air Magic
  2154 | D:3      | Reached skill level 1 in Earth Magic
  2154 | D:3      | Reached skill level 1 in Poison Magic
  2446 | D:3      | Identified the +0 leather armour of Cuntur {+Blink rF+ rC+}
  2466 | D:3      | Reached XP level 5. HP: 43/47 MP: 5/7
  2586 | D:3      | Gained mutation: Your movements are slightly less
                  | encumbered by armour. (ER -2) [potion of mutation]
  2586 | D:3      | Gained mutation: Your skin changes colour to match your
                  | surroundings (Stealth+). [potion of mutation]
  2825 | D:3      | Found a burning altar of Makhleb.
  3094 | D:4      | You add the spells Malign Gateway and Summon Horrible
                  | Things to your library.
  3333 | D:4      | Noticed an ice beast
  3351 | D:4      | Killed an ice beast
  3352 | D:4      | Reached skill level 2 in Invocations
  3352 | D:4      | Reached XP level 6. HP: 33/53 MP: 8/8
  3764 | D:5      | Entered Level 5 of the Dungeon
  3833 | D:5      | Reached skill level 2 in Short Blades
  3833 | D:5      | Reached skill level 2 in Long Blades
  3833 | D:5      | Reached skill level 2 in Axes
  3833 | D:5      | Reached skill level 2 in Polearms
  3833 | D:5      | Reached skill level 2 in Staves
  3833 | D:5      | Reached skill level 2 in Slings
  3833 | D:5      | Reached skill level 2 in Bows
  3833 | D:5      | Reached skill level 2 in Crossbows
  3833 | D:5      | Reached skill level 2 in Throwing
  3833 | D:5      | Reached skill level 5 in Armour
  3833 | D:5      | Reached skill level 5 in Dodging
  3833 | D:5      | Reached skill level 2 in Stealth
  3833 | D:5      | Reached skill level 2 in Shields
  3833 | D:5      | Reached skill level 2 in Unarmed Combat
  3833 | D:5      | Reached skill level 2 in Spellcasting
  3833 | D:5      | Reached skill level 2 in Evocations
  3876 | D:5      | Found a staircase to the Ecumenical Temple.
  4012 | D:5      | Reached XP level 7. HP: 59/59 MP: 10/10
  4069 | D:5      | Reached skill level 7 in Fighting
  4069 | D:5      | Reached skill level 7 in Maces & Flails
  4118 | D:5      | Noticed Prince Ribbit
  4140 | D:5      | Killed Prince Ribbit
  4141 | D:5      | Reached skill level 2 in Conjurations
  4141 | D:5      | Reached skill level 2 in Hexes
  4141 | D:5      | Reached skill level 2 in Summonings
  4141 | D:5      | Reached skill level 2 in Necromancy
  4141 | D:5      | Reached skill level 2 in Translocations
  4141 | D:5      | Reached skill level 2 in Transmutations
  4141 | D:5      | Reached skill level 2 in Fire Magic
  4141 | D:5      | Reached skill level 2 in Ice Magic
  4141 | D:5      | Reached skill level 2 in Air Magic
  4141 | D:5      | Reached skill level 2 in Earth Magic
  4141 | D:5      | Reached skill level 2 in Poison Magic
  4435 | D:5      | Found a runed translucent door.
  4436 | D:5      | Noticed Crazy Yiuf
  4540 | D:5      | Reached *** piety under Trog
  4555 | D:5      | Reached skill level 3 in Invocations
  4723 | D:5      | Found an ancient bone altar of Kikubaaqudgha.
  4875 | D:5      | Found a runed translucent door.
  4879 | D:5      | Noticed ZappyNine's ghost (novice OgFi)
  5136 | D:5      | Reached XP level 8. HP: 46/67 MP: 9/12
  5215 | D:5      | Killed Crazy Yiuf
  5494 | D:5      | Killed ZappyNine's ghost
  5495 | D:5      | Reached skill level 3 in Short Blades
  5495 | D:5      | Reached skill level 3 in Long Blades
  5495 | D:5      | Reached skill level 3 in Axes
  5495 | D:5      | Reached skill level 3 in Polearms
  5495 | D:5      | Reached skill level 3 in Staves
  5495 | D:5      | Reached skill level 3 in Slings
  5495 | D:5      | Reached skill level 3 in Bows
  5495 | D:5      | Reached skill level 3 in Crossbows
  5495 | D:5      | Reached skill level 3 in Throwing
  5495 | D:5      | Reached skill level 3 in Stealth
  5495 | D:5      | Reached skill level 3 in Shields
  5495 | D:5      | Reached skill level 3 in Unarmed Combat
  5495 | D:5      | Reached skill level 3 in Spellcasting
  5495 | D:5      | Reached skill level 3 in Evocations
  5742 | D:5      | You pick up a book of Conjurations {forbidden@e2} and begin
                  | reading...
  5742 | D:5      | You add the spells Magic Dart, Searing Ray and Fulminant
                  | Prism to your library.
  5924 | D:6      | Reached skill level 4 in Invocations
  5927 | D:6      | Reached skill level 3 in Conjurations
  5927 | D:6      | Reached skill level 3 in Hexes
  5927 | D:6      | Reached skill level 3 in Summonings
  5927 | D:6      | Reached skill level 3 in Necromancy
  5927 | D:6      | Reached skill level 3 in Translocations
  5927 | D:6      | Reached skill level 3 in Transmutations
  5927 | D:6      | Reached skill level 3 in Fire Magic
  5927 | D:6      | Reached skill level 3 in Ice Magic
  5927 | D:6      | Reached skill level 3 in Air Magic
  5927 | D:6      | Reached skill level 3 in Earth Magic
  5927 | D:6      | Reached skill level 3 in Poison Magic
  5937 | D:6      | Found a blossoming altar of Fedhas.
  6055 | D:6      | Reached skill level 6 in Armour
  6055 | D:6      | Reached skill level 6 in Dodging
  6090 | D:6      | Reached XP level 9. HP: 72/72 MP: 10/14
  6228 | D:6      | You pick up a book of Dangerous Friends {forbidden} and
                  | begin reading...
  6228 | D:6      | You add the spells Summon Guardian Golem, Orb of
                  | Destruction and Spellforged Servitor to your library.
  6587 | D:6      | Reached skill level 4 in Short Blades
  6587 | D:6      | Reached skill level 4 in Long Blades
  6587 | D:6      | Reached skill level 4 in Axes
  6587 | D:6      | Reached skill level 4 in Polearms
  6587 | D:6      | Reached skill level 4 in Staves
  6587 | D:6      | Reached skill level 4 in Slings
  6587 | D:6      | Reached skill level 4 in Bows
  6587 | D:6      | Reached skill level 4 in Crossbows
  6587 | D:6      | Reached skill level 4 in Throwing
  6587 | D:6      | Reached skill level 4 in Stealth
  6587 | D:6      | Reached skill level 4 in Shields
  6587 | D:6      | Reached skill level 4 in Unarmed Combat
  6587 | D:6      | Reached skill level 4 in Spellcasting
  6587 | D:6      | Reached skill level 4 in Evocations
  6943 | D:7      | Found Dulligim's Assorted Antiques.
  7214 | D:7      | Found Luask's Overcharged Wands.
  7294 | D:7      | Found a snail-covered altar of Cheibriados.
  8140 | D:8      | Reached skill level 8 in Fighting
  8140 | D:8      | Reached skill level 8 in Maces & Flails
  8192 | D:8      | Reached skill level 5 in Invocations
  8886 | D:9      | Reached skill level 4 in Conjurations
  8886 | D:9      | Reached skill level 4 in Hexes
  8886 | D:9      | Reached skill level 4 in Summonings
  8886 | D:9      | Reached skill level 4 in Necromancy
  8886 | D:9      | Reached skill level 4 in Translocations
  8886 | D:9      | Reached skill level 4 in Transmutations
  8886 | D:9      | Reached skill level 4 in Fire Magic
  8886 | D:9      | Reached skill level 4 in Ice Magic
  8886 | D:9      | Reached skill level 4 in Air Magic
  8886 | D:9      | Reached skill level 4 in Earth Magic
  8886 | D:9      | Reached skill level 4 in Poison Magic
  8886 | D:9      | Reached XP level 10. HP: 74/80 MP: 15/17
  8930 | D:9      | Found Vowkabid's Antique Armour Emporium.
  8982 | D:9      | Found the +7 staff of the Meek {protect, meekguard}
  9019 | D:9      | Reached **** piety under Trog
  9067 | D:9      | Reached skill level 5 in Short Blades
  9067 | D:9      | Reached skill level 5 in Long Blades
  9067 | D:9      | Reached skill level 5 in Axes
  9067 | D:9      | Reached skill level 5 in Polearms
  9067 | D:9      | Reached skill level 5 in Staves
  9067 | D:9      | Reached skill level 5 in Slings
  9067 | D:9      | Reached skill level 5 in Bows
  9067 | D:9      | Reached skill level 5 in Crossbows
  9067 | D:9      | Reached skill level 5 in Throwing
  9067 | D:9      | Reached skill level 5 in Stealth
  9067 | D:9      | Reached skill level 5 in Shields
  9067 | D:9      | Reached skill level 5 in Unarmed Combat
  9067 | D:9      | Reached skill level 5 in Spellcasting
  9067 | D:9      | Reached skill level 5 in Evocations
  9336 | D:9      | You pick up a book of Flames {forbidden} and begin
                  | reading...
  9336 | D:9      | You add the spells Foxfire, Conjure Flame, Inner Flame and
                  | Flame Wave to your library.
  9419 | D:9      | Reached skill level 7 in Armour
  9419 | D:9      | Reached skill level 7 in Dodging
  9433 | D:9      | HP: 15/82 [orc warrior/+0 halberd (6)]
  9696 | D:9      | Found a glowing golden altar of the Shining One.
  9696 | D:9      | Found an opulent altar of Gozag.
  9991 | D:10     | Entered Level 10 of the Dungeon
 10006 | D:10     | Reached skill level 6 in Invocations
 10006 | D:10     | HP: 26/123 [yak (8)]
 10409 | D:10     | Identified the +4 ring mail of the Blue Skies {rC+ Slay+2}
 10437 | D:10     | Noticed a two-headed ogre
 10447 | D:10     | Killed a two-headed ogre
 10449 | D:10     | Noticed a gargoyle
 10463 | D:10     | Noticed an orc knight
 10464 | D:10     | Reached XP level 11. HP: 51/87 MP: 11/19
 10482 | D:10     | HP: 14/87 [komodo dragon (10)]
 10484 | D:10     | Reached skill level 9 in Fighting
 10484 | D:10     | Reached skill level 6 in Short Blades
 10484 | D:10     | Reached skill level 6 in Long Blades
 10484 | D:10     | Reached skill level 6 in Axes
 10484 | D:10     | Reached skill level 9 in Maces & Flails
 10484 | D:10     | Reached skill level 6 in Polearms
 10484 | D:10     | Reached skill level 6 in Staves
 10484 | D:10     | Reached skill level 6 in Slings
 10484 | D:10     | Reached skill level 6 in Bows
 10484 | D:10     | Reached skill level 6 in Crossbows
 10484 | D:10     | Reached skill level 6 in Throwing
 10484 | D:10     | Reached skill level 6 in Stealth
 10484 | D:10     | Reached skill level 6 in Shields
 10484 | D:10     | Reached skill level 6 in Unarmed Combat
 10484 | D:10     | Reached skill level 6 in Spellcasting
 10484 | D:10     | Reached skill level 6 in Evocations
 10484 | D:10     | Slain by a komodo dragon

Vanquished Creatures
  A two-headed ogre (D:10)
  The ghost of ZappyNine the Fighter, a novice OgFi (D:5)
  A troll (D:10)
  Prince Ribbit (D:5)
  A wraith (D:9)
  3 wyverns
  A shadow (D:9)
  A basilisk (D:9)
  9 yaks
  A steam dragon (D:9)
  A water moccasin (D:7)
  An orc warrior (D:9)
  A black bear (D:8)
  2 ice beasts
  2 centaurs
  2 ogres
  A phantom (D:7)
  A kobold brigand (D:9)
  A bullfrog (D:8)
  3 necrophages
  3 howler monkeys
  A lava snake (D:10)
  6 orc priests
  Crazy Yiuf (D:5)
  3 hounds
  2 gnoll shamans
  4 iguanas
  9 orc wizards
  12 gnolls
  6 adders
  2 shadow imps
  An ufetubus (D:6)
  3 worms
  23 orcs
  13 endoplasms
  4 giant cockroaches
  7 goblins
  5 hobgoblins
  6 jackals
  6 quokkas
  9 ball pythons
  8 bats
  3 frilled lizards
  11 kobolds
  3 rats
186 creatures vanquished.

Vanquished Creatures (collateral kills)
  A gargoyle (D:10)
  3 yaks
  An orc warrior (D:9)
  A kobold brigand (D:10)
  An orc (D:9)
7 creatures vanquished.

Vanquished Creatures (others)
  A boggart (D:10)
  3 fungi (D:6)
  21 plants (D:3)
25 creatures vanquished.

Grand Total: 218 creatures vanquished

Table legend:
 A = Non-vault XP
 B = Vault XP
 C = Vault XP percentage of total XP
 D = Non-vault monster count
 E = Vault monster count
 F = Vault count percentage of total count
                 A         B        C        D         E       F
            +---------+---------+-------+---------+---------+-------
      Total |    6435 |    3725 |  36.7 |     165 |      29 |  14.9
            +---------+---------+-------+---------+---------+-------
        D:1 |      34 |      12 |  26.1 |      21 |       7 |  25.0
        D:2 |      49 |       0 |   0.0 |      20 |       0 |   0.0
        D:3 |      23 |      61 |  72.6 |      14 |       6 |  30.0
        D:4 |     200 |       0 |   0.0 |      18 |       0 |   0.0
        D:5 |     495 |    1186 |  70.6 |      13 |       7 |  35.0
        D:6 |     662 |       0 |   0.0 |      26 |       0 |   0.0
        D:7 |     869 |       0 |   0.0 |      17 |       0 |   0.0
        D:8 |     989 |       0 |   0.0 |      10 |       0 |   0.0
        D:9 |    2459 |       0 |   0.0 |      22 |       0 |   0.0
       D:10 |     655 |    2466 |  79.0 |       4 |       9 |  69.2
            +---------+---------+-------+---------+---------+-------

Illustrated notes

Table legend:
 A = Kills in this place as a percentage of kills in entire the game.
 B = Kills by you in this place as a percentage of kills by you in the entire game.
 C = Kills by friends in this place as a percentage of kills by friends in the entire game.
 D = Other kills in this place as a percentage of other kills in the entire game.
 E = Experience gained in this place as a percentage of experience gained in the entire game.
 F = Experience gained in this place divided by the number of levels of this place that you have seen.
                   A       B       C       D       E      F
               +-------+-------+-------+-------+-------+----------------------
         Total | 100.0 | 100.0 | 100.0 | 100.0 | 100.0 | 1016.0
       Dungeon | 100.0 | 100.0 | 100.0 | 100.0 | 100.0 | 1016.0
               +-------+-------+-------+-------+-------+----------------------

Table legend: (Time is in decaauts)
 A = Elapsed time spent in this place.
 B = Non-inter-level travel time spent in this place.
 C = Inter-level travel time spent in this place.
 D = Time resting spent in this place.
 E = Time spent auto-exploring this place.
 F = Levels seen in this place.
 G = Mean time per level.
                   A        B        C        D        E       F      G
               +--------+--------+--------+--------+--------+-----+--------+
         Total |  10616 |  10184 |    432 |    826 |   7812 |  10 | 1061.6 |
       Dungeon |  10616 |  10184 |    432 |    826 |   7812 |  10 | 1061.6 |
               +--------+--------+--------+--------+--------+-----+--------+

Top non-repeatable levels by time:
     D:5: 2109 daAuts
     D:9: 1485 daAuts
     D:1: 1327 daAuts
     D:7: 1315 daAuts
     D:3: 1057 daAuts
     D:8: 918 daAuts
     D:4: 826 daAuts
     D:6: 743 daAuts
     D:2: 643 daAuts
    D:10: 190 daAuts
